Map: Ice and Chrome LE

Players

Ermn

  • Race: Zerg Zerg
  • League: Gold
  • Spawn Location: 1:00

Iceweaver - Winner!

  • Race: Zerg Zerg
  • League: Gold
  • Spawn Location: 7:00

VOD

Have the link to the VOD?

Description

Time

  • Played on: June 23, 2020, 6 p.m.
  • Length: 21:18
Show
View Real Time Build Order
Export as new Build Order

Ermn Zerg 

Build Orders: Pool First 

Get SALT Encoding   

  12  0:21  Spawning Pool  
  11  0:24  Drone  
  12  0:30  Drone  
  12  0:34  Extractor  
  12  0:45  Overlord  
  12  0:48  Drone  
  13  0:52  Drone  
  13  1:20  Zergling x2  
  13  1:21  Zergling x4  
  16  1:39  Zergling x2, Hatchery  
  16  1:49  Queen  
  18  2:00  Zergling x2  
  19  2:01  Zergling x2  
  20  2:20  Baneling Nest  
  19  2:36  Zergling x6  
  22  3:06  Queen  
  24  3:13  Baneling x2  
  24  3:14  Baneling x3  
  24  3:16  Baneling  
  24  3:21  Drone x3  
  26  3:47  Queen  
  26  3:48  Drone  
  27  4:01  Metabolic Boost  
  26  4:07  Drone x2  
  28  4:16  Overlord  
  28  4:20  Extractor  
  27  4:36  Burrow  
  22  4:53  Spine Crawler x2  
  20  5:02  Spine Crawler  
  20  5:03  Zergling x6  
  21  5:32  Drone x4  
  25  5:52  Evolution Chamber, Drone  
  25  5:53  Drone x2  
  27  5:58  Drone x2  
  29  6:11  Lair  
  29  6:23  Overlord  
  29  6:32  Roach Warren  
  28  6:34  Overlord  
  28  6:35  Drone x2  
  30  6:45  Zerg Missile Weapons Level 1  
  28  7:19  Queen  
  28  7:20  Evolution Chamber  
  28  7:22  Glial Reconstitution  
  29  7:25  Baneling x2  
  29  7:37  Extractor  
  28  7:45  Baneling x4  
  28  7:51  Drone x5  
  30  7:52  Drone x2  
  30  7:56  Extractor  
  23  8:35  Roach x4  
  23  8:36  Roach x3  
  37  8:44  Spine Crawler  
  35  9:08  Nydus Network  
  34  9:16  Roach  
  34  9:17  Roach  
  36  9:18  Roach  
  38  9:26  Roach  
  40  10:01  Roach x3  
  40  10:05  Nydus Canal  
  46  10:16  Roach x2  
  42  11:02  Nydus Canal  
  42  11:17  Roach x2  
  42  11:18  Roach  
  48  11:34  Nydus Canal  
  48  11:46  Roach x2  
  52  11:47  Overlord x3  
  52  12:10  Drone  
  53  12:16  Zerg Missile Weapons Level 2  
  53  12:19  Drone x3  
  28  13:07  Zergling x6  
  28  13:08  Zergling x6  
  34  13:23  Zergling x4  
  34  13:26  Nydus Canal  
  36  13:32  Zergling x4  
  38  13:45  Baneling  
  38  13:46  Baneling x6  
  38  13:47  Baneling x6  
  38  13:48  Baneling  
  38  13:54  Centrifical Hooks  
  38  13:56  Drone x2  
  40  14:04  Drone x3  
  40  14:08  Baneling x2  
  40  14:09  Baneling x2  
  38  14:36  Zergling x8  
  38  14:37  Zergling x8  
  45  15:00  Baneling x6  
  45  15:01  Baneling x10  
  45  15:03  Drone  
  45  15:04  Drone x2  
  48  15:08  Queen  
  39  15:30  Roach x2  
  39  15:31  Roach x4  
  51  15:39  Baneling x2  
  51  15:51  Roach x3  
  51  15:52  Roach  
  36  16:27  Roach x2  
  36  16:28  Roach x5  
  50  16:38  Nydus Canal  
  50  16:47  Zergling x6  
  50  16:48  Zergling x6  
  43  17:31  Roach x3  
  43  17:32  Roach x4  
  57  17:40  Baneling  
  57  17:41  Baneling  
  57  17:42  Baneling x2  
  57  17:51  Baneling  
  55  18:45  Baneling x4  
  55  18:46  Baneling x3  
  55  19:18  Nydus Canal  
Show
View Real Time Build Order
Export as new Build Order

Iceweaver Zerg - Winner!

Build Orders: Pool First 

Get SALT Encoding   

  12  0:01  Drone  
  13  0:12  Overlord  
  13  0:17  Drone  
  14  0:31  Drone x2  
  14  0:35  Drone  
  17  0:56  Drone x2  
  19  1:11  Drone  
  20  1:14  Spawning Pool  
  20  1:15  Extractor  
  18  1:19  Hatchery  
  17  1:31  Overlord  
  17  1:44  Drone  
  17  1:45  Drone  
  19  2:01  Queen  
  19  2:06  Zergling x2  
  22  2:23  Zergling x4, Spine Crawler  
  22  2:24  Spine Crawler  
  22  2:28  Spine Crawler  
  21  2:35  Zergling x4  
  23  2:54  Queen  
  23  2:56  Hatchery  
  24  3:02  Metabolic Boost  
  24  3:25  Evolution Chamber  
  23  3:27  Drone x3  
  23  3:28  Drone  
  22  3:49  Zergling x2  
  22  3:50  Zergling x10  
  22  3:53  Zerg Melee Weapons Level 1  
  28  4:00  Baneling Nest  
  29  4:11  Zergling x2  
  29  4:16  Lair  
  28  4:23  Spore Crawler  
  27  4:25  Drone x2, Spore Crawler  
  27  4:59  Hatchery  
  26  5:00  Zergling x4  
  27  5:20  Zergling x2  
  27  5:21  Zergling x4  
  29  5:45  Hydralisk Den  
  29  5:48  Zerg Missile Weapons Level 1, Extractor, Drone x2  
  29  5:49  Overlord  
  29  6:03  Zergling x2  
  30  6:11  Drone x3  
  33  6:20  Drone  
  33  6:23  Drone x2  
  33  6:25  Drone  
  37  6:33  Queen  
  37  6:38  Baneling x3  
  37  6:39  Baneling  
  34  7:12  Zergling x2  
  34  7:13  Zergling x18  
  41  7:30  Hydralisk  
  41  7:33  Overlord  
  43  7:42  Zerg Ground Armor Level 1  
  43  7:50  Drone  
  43  7:51  Drone x5  
  49  7:57  Baneling x5  
  49  7:58  Baneling x2  
  49  8:11  Grooved Spines  
  48  8:26  Zergling x12  
  48  8:32  Baneling  
  45  8:48  Hatchery  
  44  8:57  Hydralisk  
  44  8:58  Hydralisk x3  
  52  9:08  Overlord x2  
  52  9:16  Extractor  
  47  9:43  Queen  
  47  9:45  Drone x9  
  54  9:50  Zerg Missile Weapons Level 2  
  54  9:53  Hydralisk  
  54  9:54  Hydralisk  
  58  10:03  Queen  
  60  10:26  Zergling x16  
  60  10:27  Zergling x8  
  59  10:48  Hydralisk x4  
  59  10:49  Hydralisk  
  65  10:56  Queen  
  67  11:33  Spore Crawler  
  66  11:45  Hydralisk x3  
  72  11:48  Overlord  
  72  11:49  Overlord x6  
  72  12:07  Zerg Ground Armor Level 2  
  72  12:10  Queen  
  72  12:11  Drone  
  72  12:15  Drone  
  76  12:16  Drone  
  68  12:40  Zergling x2  
  68  12:41  Zergling x18  
  63  13:01  Queen  
  63  13:03  Drone x6  
  69  13:11  Hydralisk  
  69  13:12  Hydralisk  
  73  13:18  Drone x2  
  75  13:37  Queen x2  
  75  13:38  Queen  
  81  13:53  Hydralisk x6  
  93  14:03  Drone x3  
  93  14:04  Drone x2  
  98  14:12  Extractor  
  83  14:26  Zergling x20  
  91  14:33  Centrifical Hooks  
  91  14:35  Muscular Augments  
  91  14:36  Zerg Melee Weapons Level 2  
  87  15:05  Hydralisk x6  
  99  15:09  Hatchery  
  99  15:11  Baneling  
  78  15:33  Zergling x6  
  78  15:34  Zergling x26  
  94  15:51  Infestation Pit  
  94  15:54  Drone  
  94  15:55  Drone  
  94  15:57  Drone x7  
  84  16:13  Hydralisk  
  84  16:14  Hydralisk x4  
  87  16:25  Baneling  
  87  16:26  Baneling x4  
  87  16:31  Drone x3  
  87  16:32  Drone x6  
  96  16:44  Extractor  
  95  16:47  Extractor  
  89  17:02  Zergling x2  
  89  17:03  Zergling x16  
  98  17:09  Hydralisk Den  
  98  17:12  Spire  
  94  17:28  Spawning Pool  
  93  17:34  Infestor  
  95  17:51  Hydralisk, Extractor  
  94  17:52  Hydralisk x4, Extractor  
  102  18:48  Spore Crawler  
  101  18:50  Overseer x3  
  101  18:51  Overseer x2  
  101  18:52  Queen  
  101  18:53  Drone x2  
  101  18:54  Drone  
  106  19:00  Spore Crawler  
  105  19:05  Drone x3, Spore Crawler  
  96  19:49  Zergling x2  
  96  19:50  Zergling x48  
  94  20:29  Lurker Den  
  94  20:30  Hydralisk  
  94  20:31  Hydralisk x10  
  108  20:39  Zergling x2  
  108  20:42  Queen  
  104  20:46  Hydralisk  
  104  20:47  Hydralisk x2  
  107  20:55  Spine Crawler  
  104  20:57  Spine Crawler  
Tags
 
Add a new tag
Caveats
  • Supply blocks, unpowered buildings, or Contaminate may cause inaccurate times.
  • Supply counts are checked every 10 seconds.